| TOP OF THE 1ST |
|
Kelowna Heat batting - Pitching for Victoria Capitals : LHP Geoff Klaas
|
|
Pitching: LHP Geoff Klaas
|
|
|
Batting: RHB Tsugio Yamaguchi
|
0-0: Swinging Strike 0-1: SINGLE (Groundball, 34S, EV 66.2 MPH) (infield hit)
|
|
Batting: RHB Mike Storey
|
0-0: Ball 1-0: Called Strike 1-1: Ball 2-1: Ball 3-1: Swinging Strike 3-2: Fly out, F7 (Flyball, 7LM, EV 83.8 MPH)
|
|
Batting: LHB Oscar Tamayo
|
0-0: Foul Ball, location: 2F 0-1: Foul Ball, location: 2F 0-2: Ball 1-2: Foul Ball, location: 2F 1-2: Ball 2-2: Foul Ball, location: 2F 2-2: Fly out, F2 (Popup, 5SF, EV 74.4 MPH)
|
|
Batting: RHB Armando Ramirez
|
0-0: Fielders Choice at 2nd, 5-4 (Groundball, 5, EV 83.8 MPH)
|
| Top of the 1st over - 0 runs, 1 hit, 0 errors, 1 left on base; Kelowna 0 - Victoria 0 |
| BOTTOM OF THE 1ST |
|
Victoria Capitals batting - Pitching for Kelowna Heat : RHP Brian Whitley
|
|
Pitching: RHP Brian Whitley
|
|
|
Batting: RHB Ross Hallock
|
0-0: Ball 1-0: Foul Ball, location: 2F 1-1: Foul Ball, location: 2F 1-2: Ball 2-2: Ball 3-2: Ground out 6-3 (Groundball, 6, EV 91.9 MPH)
|
|
Batting: LHB Taki Matsui
|
0-0: Called Strike 0-1: Ball 1-1: Ball 2-1: Ball 3-1: Swinging Strike 3-2: Strikes out looking
|
|
Batting: RHB Jesus Santiago
|
0-0: Foul Ball, location: 2F 0-1: Ball 1-1: Ball 2-1: Ball 3-1: Foul Ball, location: 2F 3-2: Foul Ball, location: 2F 3-2: Foul Ball, location: 2F 3-2: Foul Ball, location: 2F 3-2: Foul Ball, location: 2F 3-2: SOLO HOME RUN (Flyball, 7LD, EV 91.9 MPH), Distance : 341 ft
|
|
Batting: RHB Jose Zuniga
|
0-0: Foul Ball, location: 2F 0-1: Ball 1-1: Foul Ball, location: 2F 1-2: Fly out, F4 (Popup, 34S, EV 86.2 MPH)
|
| Bottom of the 1st over - 1 run, 1 hit, 0 errors, 0 left on base; Kelowna 0 - Victoria 1 |
| TOP OF THE 2ND |
|
Kelowna Heat batting - Pitching for Victoria Capitals : LHP Geoff Klaas
|
|
Batting: LHB Adrian Navarro
|
0-0: Swinging Strike 0-1: Ball 1-1: Called Strike 1-2: SOLO HOME RUN (Line Drive, 89XD, EV 110.6 MPH), Distance : 430 ft
|
|
Batting: RHB Matt Wallace
|
0-0: Called Strike 0-1: Swinging Strike 0-2: Ground out 6-3 (Groundball, 6, EV 106.9 MPH)
|
|
Batting: RHB Soichi Kaneshiro
|
0-0: SINGLE (Flyball, 8LS, EV 89.4 MPH)
|
|
Batting: RHB Sean Gilbert
|
0-0: Called Strike Soichi Kaneshiro is caught stealing 2nd base 2-4 0-1: Ground out 4-3 (Groundball, 4, EV 79.4 MPH)
|
| Top of the 2nd over - 1 run, 2 hits, 0 errors, 0 left on base; Kelowna 1 - Victoria 1 |
| BOTTOM OF THE 2ND |
|
Victoria Capitals batting - Pitching for Kelowna Heat : RHP Brian Whitley
|
|
Batting: RHB Rich Griffith
|
0-0: Called Strike 0-1: Foul Ball, location: 2F 0-2: Foul Ball, location: 2F 0-2: Ball 1-2: Ball 2-2: Fly out, F8 (Flyball, 8RD, EV 98.8 MPH)
|
|
Batting: LHB Addisu Nyamekye
|
0-0: Ball 1-0: Ball 2-0: Ball 3-0: Base on Balls
|
|
Batting: RHB Josh Rentz
|
0-0: Ball 1-0: Ball 2-0: Swinging Strike 2-1: Called Strike 2-2: Strikes out looking
|
|
Batting: RHB Tristan Martin
|
0-0: Ball 1-0: Called Strike 1-1: Foul Ball, location: 2F 1-2: Foul Ball, location: 2F 1-2: Strikes out looking
|
| Bottom of the 2nd over - 0 runs, 0 hits, 0 errors, 1 left on base; Kelowna 1 - Victoria 1 |
| TOP OF THE 3RD |
|
Kelowna Heat batting - Pitching for Victoria Capitals : LHP Geoff Klaas
|
|
Batting: RHB Joe Nelson
|
0-0: Swinging Strike 0-1: Called Strike 0-2: Strikes out swinging
|
|
Batting: RHB Tsugio Yamaguchi
|
0-0: Called Strike 0-1: Ball 1-1: Foul Ball, location: 2F 1-2: Foul Ball, location: 2F 1-2: Ball 2-2: Foul Ball, location: 2F 2-2: Foul Ball, location: 2F 2-2: Ball 3-2: Strikes out swinging
|
|
Batting: RHB Mike Storey
|
0-0: Ball 1-0: Foul Ball, location: 2F 1-1: Ball 2-1: Foul Ball, location: 2F 2-2: Foul Ball, location: 2F 2-2: Ball 3-2: Ground out 5-3 (Groundball, 5S, EV 67.5 MPH)
|
| Top of the 3rd over - 0 runs, 0 hits, 0 errors, 0 left on base; Kelowna 1 - Victoria 1 |
| BOTTOM OF THE 3RD |
|
Victoria Capitals batting - Pitching for Kelowna Heat : RHP Brian Whitley
|
|
Batting: RHB Steve Carmichael
|
0-0: Ball 1-0: Ball 2-0: Called Strike 2-1: Foul Ball, location: 2F 2-2: Strikes out looking
|
|
Batting: RHB Ross Hallock
|
0-0: Ground out 6-3 (Groundball, 6, EV 86.2 MPH)
|
|
Batting: LHB Taki Matsui
|
0-0: Called Strike 0-1: Foul Ball, location: 2F 0-2: Ball 1-2: Ball 2-2: Ball 3-2: Fly out, F7 (Flyball, 7LM, EV 89.4 MPH)
|
| Bottom of the 3rd over - 0 runs, 0 hits, 0 errors, 0 left on base; Kelowna 1 - Victoria 1 |
| TOP OF THE 4TH |
|
Kelowna Heat batting - Pitching for Victoria Capitals : LHP Geoff Klaas
|
|
Batting: LHB Oscar Tamayo
|
0-0: Foul Ball, location: 2F 0-1: Foul Ball, location: 2F 0-2: Hit by Pitch
|
|
Batting: RHB Armando Ramirez
|
0-0: Called Strike 0-1: Foul Ball, location: 2F 0-2: Strikes out swinging
|
|
Batting: LHB Adrian Navarro
|
0-0: Ball 1-0: Foul Ball, location: 2F 1-1: Ball 2-1: Foul Ball, location: 2F 2-2: Ball 3-2: Grounds into double play, U6-3 (Groundball, 4M, EV 82.5 MPH)
|
| Top of the 4th over - 0 runs, 0 hits, 0 errors, 0 left on base; Kelowna 1 - Victoria 1 |
| BOTTOM OF THE 4TH |
|
Victoria Capitals batting - Pitching for Kelowna Heat : RHP Brian Whitley
|
|
Batting: RHB Jesus Santiago
|
0-0: Called Strike 0-1: Foul Ball, location: 2F 0-2: Ball 1-2: Ball 2-2: Fly out, F8 (Flyball, 8LM, EV 93.8 MPH)
|
|
Batting: RHB Jose Zuniga
|
0-0: Called Strike 0-1: Ball 1-1: Ball 2-1: Called Strike 2-2: Ball 3-2: Foul Ball, location: 2F 3-2: Fly out, F4 (Popup, 34, EV 63.1 MPH)
|
|
Batting: RHB Rich Griffith
|
0-0: Ball 1-0: Ground out 6-3 (Groundball, 6, EV 90.6 MPH)
|
| Bottom of the 4th over - 0 runs, 0 hits, 0 errors, 0 left on base; Kelowna 1 - Victoria 1 |
| TOP OF THE 5TH |
|
Kelowna Heat batting - Pitching for Victoria Capitals : LHP Geoff Klaas
|
|
Batting: RHB Matt Wallace
|
0-0: Called Strike 0-1: Foul Ball, location: 2F 0-2: Strikes out swinging
|
|
Batting: RHB Soichi Kaneshiro
|
0-0: Foul Ball, location: 2F 0-1: Ball 1-1: Ground out U3 (Groundball, 3L, EV 78.1 MPH)
|
|
Batting: RHB Sean Gilbert
|
0-0: Ball 1-0: Called Strike 1-1: SINGLE (Flyball, 34D, EV 95.0 MPH)
|
|
Batting: RHB Joe Nelson
|
0-0: Ball Sean Gilbert steals 2nd base 1-0: Ball 2-0: Swinging Strike 2-1: Foul Ball, location: 2F 2-2: Strikes out swinging
|
| Top of the 5th over - 0 runs, 1 hit, 0 errors, 1 left on base; Kelowna 1 - Victoria 1 |
| BOTTOM OF THE 5TH |
|
Victoria Capitals batting - Pitching for Kelowna Heat : RHP Brian Whitley
|
|
Batting: LHB Addisu Nyamekye
|
0-0: Called Strike 0-1: Foul Ball, location: 2F 0-2: Foul Ball, location: 2F 0-2: Fly out, F3 (Popup, 3F, EV 63.1 MPH)
|
|
Batting: RHB Josh Rentz
|
0-0: Foul Ball, location: 2F 0-1: Ball 1-1: Ball 2-1: SINGLE (Flyball, 8LS, EV 91.2 MPH)
|
|
Batting: RHB Tristan Martin
|
0-0: DOUBLE (Flyball, 8RXD, EV 111.9 MPH) Josh Rentz to third
|
|
Batting: RHB Steve Carmichael
|
0-0: Swinging Strike 0-1: Called Strike 0-2: Strikes out swinging
|
|
Batting: RHB Ross Hallock
|
0-0: Called Strike 0-1: Foul Ball, location: 2F 0-2: Foul Ball, location: 2F 0-2: Ball 1-2: Foul Ball, location: 2F 1-2: Ball 2-2: Foul Ball, location: 2F 2-2: Ball 3-2: Foul Ball, location: 2F 3-2: Base on Balls
|
|
Batting: LHB Taki Matsui
|
0-0: Ball 1-0: Called Strike 1-1: Fly out, F9 (Flyball, 9LM, EV 88.1 MPH)
|
| Bottom of the 5th over - 0 runs, 2 hits, 0 errors, 3 left on base; Kelowna 1 - Victoria 1 |
| TOP OF THE 6TH |
|
Kelowna Heat batting - Pitching for Victoria Capitals : LHP Geoff Klaas
|
|
Batting: RHB Tsugio Yamaguchi
|
0-0: Ball 1-0: Called Strike 1-1: Foul Ball, location: 2F 1-2: Foul Ball, location: 2F 1-2: Strikes out looking
|
|
Batting: RHB Mike Storey
|
0-0: Ball 1-0: Ball 2-0: Ball 3-0: Base on Balls
|
|
Batting: LHB Oscar Tamayo
|
0-0: Called Strike 0-1: Foul Ball, location: 2F 0-2: Foul Ball, location: 2F 0-2: Ball 1-2: Ball 2-2: Ball 3-2: Foul Ball, location: 2F 3-2: Fly out, F5 (Flyball, 6D, EV 86.9 MPH)
|
|
Batting: RHB Armando Ramirez
|
0-0: Fielders Choice at 2nd, 5-4 (Groundball, 56, EV 90.0 MPH)
|
| Top of the 6th over - 0 runs, 0 hits, 0 errors, 1 left on base; Kelowna 1 - Victoria 1 |
| BOTTOM OF THE 6TH |
|
Victoria Capitals batting - Pitching for Kelowna Heat : RHP Brian Whitley
|
|
Pitching: LHP Ricky Coats
|
|
|
Batting: RHB Jesus Santiago
|
0-0: Called Strike 0-1: Ball 1-1: Swinging Strike 1-2: Foul Ball, location: 2F 1-2: Strikes out looking
|
|
Batting: RHB Jose Zuniga
|
0-0: Ball 1-0: Called Strike 1-1: Foul Ball, location: 2F 1-2: Ball 2-2: Ball 3-2: Base on Balls
|
|
Batting: RHB Rich Griffith
|
0-0: Called Strike 0-1: Ball Jose Zuniga is caught stealing 2nd base 2-4 1-1: Swinging Strike 1-2: Ball 2-2: Ball 3-2: Base on Balls
|
|
Batting: LHB Addisu Nyamekye
|
0-0: Ball 1-0: Foul Ball, location: 2F 1-1: Foul Ball, location: 2F 1-2: Ball Rich Griffith steals 2nd base 2-2: Ball 3-2: Foul Ball, location: 2F 3-2: Foul Ball, location: 2F 3-2: SINGLE (Line Drive, 7S, EV 103.8 MPH) Rich Griffith to third Runner from 3rd tries for Home, SAFE, throw by LF to home
|
|
Pitching: RHP Josh Henderson
|
|
|
Batting: RHB Josh Rentz
|
0-0: Ball 1-0: Called Strike 1-1: Ball 2-1: Swinging Strike 2-2: Strikes out swinging
|
| Bottom of the 6th over - 1 run, 1 hit, 0 errors, 1 left on base; Kelowna 1 - Victoria 2 |
| TOP OF THE 7TH |
|
Kelowna Heat batting - Pitching for Victoria Capitals : LHP Geoff Klaas
|
|
Now in LF: Steve Carmichael
|
|
|
Now in CF: Matt Hepburn
|
|
|
Batting: LHB Adrian Navarro
|
0-0: Called Strike 0-1: Ball 1-1: Foul Ball, location: 2F 1-2: Ball 2-2: Ball 3-2: SINGLE (Popup, 5D, EV 62.5 MPH)
|
|
Pitching: LHP Matt Lee
|
|
|
Pinch Hitting: RHB Adrian Franz
|
0-0: Called Strike 0-1: Ball 1-1: Swinging Strike 1-2: Foul Ball, location: 2F 1-2: Foul Ball, location: 2F 1-2: Ball 2-2: Strikes out looking
|
|
Batting: RHB Soichi Kaneshiro
|
0-0: Foul Ball, location: 2F 0-1: Ball 1-1: Foul Ball, location: 2F 1-2: Strikes out swinging
|
|
Batting: RHB Sean Gilbert
|
0-0: Ball 1-0: Called Strike 1-1: Ground out 1-3 (Groundball, 15S, EV 70.6 MPH)
|
| Top of the 7th over - 0 runs, 1 hit, 0 errors, 1 left on base; Kelowna 1 - Victoria 2 |
| BOTTOM OF THE 7TH |
|
Victoria Capitals batting - Pitching for Kelowna Heat : RHP Josh Henderson
|
|
Now at 2B: Adrian Franz
|
|
|
Batting: LHB Matt Hepburn
|
0-0: Ball 1-0: Ball 2-0: Ball 3-0: Base on Balls
|
|
Batting: RHB Steve Carmichael
|
0-0: Sac Bunt to 13S - play at first, batter OUT! 1-3 Matt Hepburn to second
|
|
Batting: RHB Ross Hallock
|
0-0: Swinging Strike 0-1: Ground out U3 (Groundball, 3S, EV 91.9 MPH) Matt Hepburn to third
|
|
Batting: LHB Taki Matsui
|
0-0: Swinging Strike 0-1: Ball 1-1: Foul Ball, location: 2F 1-2: Strikes out looking
|
| Bottom of the 7th over - 0 runs, 0 hits, 0 errors, 1 left on base; Kelowna 1 - Victoria 2 |
| TOP OF THE 8TH |
|
Kelowna Heat batting - Pitching for Victoria Capitals : LHP Matt Lee
|
|
Batting: RHB Joe Nelson
|
0-0: Fly out, F8 (Flyball, 8LM, EV 88.8 MPH)
|
|
Batting: RHB Tsugio Yamaguchi
|
0-0: SOLO HOME RUN (Flyball, 8LXD, EV 106.2 MPH), Distance : 433 ft
|
|
Batting: RHB Mike Storey
|
0-0: Ball 1-0: Ball 2-0: Ball 3-0: Called Strike 3-1: Foul Ball, location: 2F 3-2: Strikes out swinging
|
|
Batting: LHB Oscar Tamayo
|
0-0: Foul Ball, location: 2F 0-1: Foul Ball, location: 2F 0-2: Foul Ball, location: 2F 0-2: Ball 1-2: Strikes out swinging
|
| Top of the 8th over - 1 run, 1 hit, 0 errors, 0 left on base; Kelowna 2 - Victoria 2 |
| BOTTOM OF THE 8TH |
|
Victoria Capitals batting - Pitching for Kelowna Heat : RHP Josh Henderson
|
|
Batting: RHB Jesus Santiago
|
0-0: Called Strike 0-1: Swinging Strike 0-2: Ball 1-2: Ball 2-2: Ball 3-2: SOLO HOME RUN (Flyball, 7LD, EV 93.8 MPH), Distance : 360 ft
|
|
Batting: RHB Jose Zuniga
|
0-0: Ball 1-0: Ball 2-0: Called Strike 2-1: Ball 3-1: Base on Balls
|
|
Batting: RHB Rich Griffith
|
0-0: Ball 1-0: Called Strike 1-1: Ball 2-1: Foul Ball, location: 2F 2-2: Ball 3-2: Base on Balls Jose Zuniga to second
|
|
Batting: LHB Addisu Nyamekye
|
0-0: Bunted foul 0-1: Sac Bunt to 2L - play at first, batter OUT! 2-4 Jose Zuniga to third Rich Griffith to second
|
|
Batting: RHB Josh Rentz
|
0-0: Intentional Walk
|
|
Batting: LHB Matt Hepburn
|
0-0: Called Strike 0-1: Ball 1-1: SINGLE (Groundball, 34D, EV 101.9 MPH) Jose Zuniga scores Rich Griffith to third Josh Rentz to second
|
|
Batting: RHB Steve Carmichael
|
0-0: Ball 1-0: SINGLE (Line Drive, 89S, EV 93.8 MPH) Rich Griffith scores Josh Rentz to third Matt Hepburn to second
|
|
Batting: RHB Ross Hallock
|
0-0: Ball 1-0: Foul Ball, location: 2F 1-1: Called Strike 1-2: Fly out, F9 (Flyball, 89D, EV 93.8 MPH) Runner from 3rd tags up, OUT at HOME! 9-2
|
| Bottom of the 8th over - 3 runs, 3 hits, 0 errors, 2 left on base; Kelowna 2 - Victoria 5 |
| TOP OF THE 9TH |
|
Kelowna Heat batting - Pitching for Victoria Capitals : LHP Matt Lee
|
|
Pitching: RHP Yen-nien Luo
|
|
|
Batting: RHB Armando Ramirez
|
0-0: Fly out, F3 (Popup, 34, EV 66.2 MPH)
|
|
Batting: LHB Adrian Navarro
|
0-0: Ball 1-0: Called Strike 1-1: Ball 2-1: Called Strike 2-2: Ball 3-2: Base on Balls
|
|
Batting: RHB Adrian Franz
|
0-0: Called Strike 0-1: Swinging Strike 0-2: Ball 1-2: Foul Ball, location: 2F 1-2: Strikes out looking
|
|
Pinch Hitting: LHB Dennis Jones
|
0-0: Ball 1-0: Called Strike 1-1: Called Strike 1-2: Strikes out swinging
|
| Top of the 9th over - 0 runs, 0 hits, 0 errors, 1 left on base; Kelowna 2 - Victoria 5 |
|